 Dungeon Crawl Stone Soup version 0.31.0-10-gcf4a605ca0 (webtiles) character file.

Game seed: 15984610864690641367

11 mtoz the Magician (level 2, 15/15 HPs)
             Began as a Deep Elf Hedge Wizard on Jan 25, 2024.
             Quit the game on level 1 of the Dungeon on Jan 26, 2024.
             The game lasted 00:06:05 (508 turns).

mtoz the Magician (Deep Elf Hedge Wizard)            Turns: 508, Time: 00:06:06

Health: 15/15      AC:  2    Str:  7    XL:     2   Next: 17%
Magic:  5/9        EV: 12    Int: 24    God:
Gold:   47         SH:  0    Dex: 14    Spells: 9/10 levels left

rFire   . . .        a - +0 dagger
rCold   . . .        (no shield)
rNeg    . . .        b - +0 robe
rPois   .            c - +0 hat
rElec   .            (no cloak)
rCorr   .            (no gloves)
SInv    .            (no boots)
Will    .....        (no amulet)
Stlth   ++           e - +6 ring of intelligence
HPRegen 0.22/turn    (no ring)
MPRegen 0.11/turn

%: no passive effects
@: very slightly contaminated
A: no striking features
a: no special abilities


You were on level 1 of the Dungeon.
You visited 1 branch of the dungeon, and saw 1 of its levels.

You collected 47 gold pieces.

Inventory:

Hand Weapons
 a - a +0 dagger (weapon)
Armour
 b - a +0 robe (worn)
 c - a +0 hat (worn)
 g - a scarf of shadows
Jewellery
 e - a +6 ring of intelligence (left hand)
Scrolls
 h - a scroll of teleportation {unknown}
Potions
 d - a potion of magic
 f - a potion of curing {unknown}


   Skills:
 + Level 2.6 Dodging
 + Level 2.6 Stealth
 + Level 4.5 Spellcasting
 + Level 1.3 Conjurations
 + Level 1.5 Summonings
 + Level 1.4 Translocations


You had 9 spell levels left.
You knew the following spells:

 Your Spells              Type           Power      Damage    Failure   Level
a - Magic Dart            Conj           44%        1d5       5%          1

Your spell library contained the following spells:

 Spells                   Type           Power      Damage    Failure   Level
 Blink                    Tloc           24%        N/A       8%          2
 Call Imp                 Summ           24%        N/A       8%          2
 Slow                     Hex            20%        N/A       10%         1
 Cigotuvi's Dreadful Rot  Necr/Alch/Air  10%        N/A       14%         2
 Mephitic Cloud           Conj/Alch/Air  7%         N/A       22%         3


Dungeon Overview and Level Annotations

Branches:
Dungeon (1/15)

Altars:


Message History

You kill the frilled lizard!
You now have 34 gold pieces (gained 6).
You open the door.
There is an open door here.
A rat comes into view.
Found 13 gold pieces.
The magic dart hits the rat.
You kill the rat!
You now have 47 gold pieces (gained 13).
A rat comes into view.
The magic dart hits the rat but does no damage.
The rat squeaks loudly.
The magic dart hits the rat.
You kill the rat!
You have reached level 2!
A frilled lizard comes into view.
The magic dart hits the frilled lizard.
You kill the frilled lizard!
An endoplasm comes into view.
The magic dart hits the endoplasm.
The endoplasm is severely wounded.
The endoplasm quivers.
An endoplasm is nearby!
The magic dart hits the endoplasm.
The endoplasm is almost dead.
The magic dart hits the endoplasm.
You kill the endoplasm!
A bat comes into view.
You miscast Magic Dart.
You are very lightly contaminated with residual magic.
Nothing appears to happen.
You miscast Magic Dart.
Nothing appears to happen.
The magic dart hits the bat.
The bat is severely wounded.
The bat barely misses you.
The magic dart hits the bat.
You kill the bat!
Okay, then.
Okay, then.
Are you sure you want to abandon this character and quit the game? (Confirm with "yes".)

...####................###.##.#.#
...# ####.#................#'#..
.)...#####.#..........#..#.......
.....+.....#..###.#.#....#.......
.....#######..###)#.#....#.......
.....+..........#.#.#...##.......
###....#.#.#.#..............
##......#.#.....#####.[....
............@.....# #......
###..............## #######
......†......†.....
###.........####...# #..........
... #........... .# #............
. #.####.......#


There were no monsters in sight!

Vanquished Creatures
  An endoplasm (D:1)
  A hobgoblin (D:1)
  2 kobolds (D:1)
  3 bats (D:1)
  3 frilled lizards (D:1)
  2 rats (D:1)
12 creatures vanquished.

Notes
Turn   | Place    | Note
-------+----------+-------------------------------------------
     0 | D:1      | mtoz the Deep Elf Hedge Wizard began the quest for the Orb.
     0 | D:1      | Reached XP level 1. HP: 10/10 MP: 7/7
     0 | D:1      | Upgraded the game from 0.31.0-9-g3a7656b989 to
                  | 0.31.0-10-gcf4a605ca0
   434 | D:1      | Reached XP level 2. HP: 15/15 MP: 6/9
   508 | D:1      | Quit the game

Illustrated notes

Levels and vault maps discovered:
D:1:      matt_arrival_diagonals, layout_basic, shapermc_ecumenical_altar_venn

Action                     || total
---------------------------++-------
  Melee: Dagger            ||     1
   Cast: Magic Dart        ||    21
 Armour: Robe              ||     1
  Dodge: Dodged            ||     6
